Map: Lightshade LE

Players

Erik - Winner!

  • Race: Zerg Zerg

nanO

  • Race: Protoss Protoss

Event: DreamHack SC2 Masters 2021 Fall

VOD

Have the link to the VOD?

Description

Time

  • Played on: July 29, 2021, 3:57 p.m.
  • Length: 8:52

All games in this series

Show
View Real Time Build Order
Export as new Build Order

Erik Zerg - Winner!

Build Orders: Pool First 

Get SALT Encoding   

  12  0:18  Spawning Pool  
  12  0:21  Drone  
  12  0:25  Drone  
  13  0:30  Drone  
  14  0:40  Overlord  
  14  1:05  Zergling x6  
  17  1:15  Queen  
  17  1:16  Drone  
  20  1:29  Hatchery  
  20  1:32  Drone  
  20  1:38  Drone  
  21  1:48  Drone  
  21  1:59  Overlord  
  21  2:03  Extractor  
  20  2:10  Drone  
  21  2:20  Drone  
  21  2:21  Queen  
  24  2:24  Drone x3  
  27  2:34  Overlord  
  27  2:40  Queen  
  27  2:42  Drone  
  30  2:46  Drone  
  31  2:55  Drone  
  31  2:56  Drone x3  
  35  3:08  Overlord  
  35  3:10  Drone  
  36  3:13  Metabolic Boost  
  36  3:17  Drone  
  37  3:23  Hatchery  
  36  3:27  Drone x2  
  36  3:31  Drone x2  
  40  3:37  Drone x2  
  42  3:42  Roach Warren  
  42  3:44  Extractor, Drone  
  42  3:46  Drone  
  42  3:52  Zergling x2  
  42  3:53  Drone x3  
  46  3:58  Drone  
  47  4:05  Overlord  
  47  4:07  Drone x3  
  47  4:09  Spore Crawler  
  49  4:17  Spore Crawler  
  49  4:21  Spore Crawler  
  49  4:23  Roach x2  
  51  4:25  Roach  
  51  4:29  Overlord  
  53  4:31  Zergling x6  
  53  4:35  Queen  
  58  4:47  Ravager x2  
  58  4:48  Ravager  
  58  4:49  Zergling x4  
  58  4:50  Zergling x8  
  67  5:00  Overlord  
  65  5:08  Roach x4  
  73  5:17  Overlord x2  
  68  5:29  Zergling x2  
  68  5:30  Zergling x18  
  68  5:34  Drone  
  76  5:38  Lair  
  76  5:39  Drone  
  77  5:46  Drone  
  77  5:47  Drone x2  
  73  5:52  Drone x3  
  73  5:56  Drone  
  76  6:02  Drone x2  
  78  6:14  Overlord  
  78  6:15  Drone x3  
  78  6:17  Extractor, Drone x4  
  82  6:28  Zergling x6  
  82  6:29  Zergling x2  
  82  6:32  Evolution Chamber  
  85  6:33  Drone  
  85  6:37  Overlord x2  
  83  6:50  Overlord  
  81  7:04  Drone  
  81  7:06  Drone  
  76  7:08  Drone  
  76  7:09  Drone  
  76  7:11  Drone x6  
  76  7:13  Glial Reconstitution, Overlord  
  82  7:15  Extractor x2  
  82  7:17  Overlord  
  82  7:22  Roach x5  
  86  7:35  Roach x5  
  95  7:48  Overlord  
  95  7:52  Roach x8  
  111  8:01  Ravager  
  111  8:04  Roach x3  
  119  8:05  Roach  
  119  8:09  Roach x2  
  121  8:23  Zergling x14  
  118  8:32  Roach x4  
Show
View Real Time Build Order
Export as new Build Order

nanO Protoss 

Build Orders:  

Get SALT Encoding   

  12  0:00  Probe  
  13  0:12  Probe  
  14  0:20  Pylon  
  14  0:24  Probe  
  15  0:38  Probe (Chrono Boost)  
  15  0:40  Gateway  
  16  0:47  Probe (Chrono Boost)  
  17  0:50  Assimilator  
  17  0:52  Probe (Chrono Boost)  
  18  1:04  Probe  
  19  1:15  Pylon  
  19  1:16  Probe  
  20  1:27  Zealot (Chrono Boost)  
  20  1:28  Probe  
  23  1:40  Gateway  
  23  1:42  Cybernetics Core  
  23  1:46  Zealot  
  25  1:50  Probe  
  26  2:18  Adept (Chrono Boost)  
  26  2:19  Warp Gate  
  29  2:27  Nexus  
  28  2:35  Stalker (Chrono Boost)  
  30  2:40  Pylon  
  30  2:43  Probe  
  31  2:48  Assimilator  
  31  2:58  Probe  
  32  3:05  Twilight Council  
  32  3:10  Probe  
  33  3:22  Probe  
  33  3:23  Robotics Facility  
  34  3:34  Probe  
  34  3:37  Resonating Glaives (Chrono Boost)  
  34  3:38  Gateway x2  
  36  3:46  Probe  
  36  3:48  Probe  
  38  4:03  Pylon  
  38  4:07  Adept x2  
  38  4:09  Warp Prism (Chrono Boost)  
  41  4:16  Probe  
  44  4:17  Probe  
  45  4:31  Adept x2  
  47  4:33  Adept  
  47  4:34  Adept  
  53  4:40  Probe  
  53  4:41  Probe  
  53  4:44  Pylon  
  55  4:55  Pylon  
  55  5:00  Adept x3  
  61  5:10  Probe  
  61  5:13  Probe, Immortal (Chrono Boost)  
  65  5:22  Probe  
  66  5:30  Probe  
  66  5:33  Adept x4  
  66  5:35  Probe  
  68  5:45  Probe  
  61  5:52  Probe  
  61  5:54  Assimilator  
  58  5:57  Immortal (Chrono Boost)  
  62  6:05  Adept  
  62  6:07  Probe  
  65  6:16  Nexus  
  65  6:18  Pylon, Adept  
  65  6:19  Adept  
  65  6:25  Immortal (Chrono Boost)  
  73  6:34  Gateway  
  73  6:35  Gateway  
  69  6:48  Adept x4  
  69  7:06  Probe  
  58  7:10  Immortal (Chrono Boost)  
  58  7:15  Adept x4  
  70  7:17  Pylon  
  70  7:24  Gateway  
  70  7:27  Gateway  
  69  7:32  Adept x2  
  69  7:36  Pylon  
  73  7:37  Pylon  
  73  7:38  Pylon  
  71  7:46  Adept x4  
  79  7:58  Pylon  
  79  8:02  Adept x2  
  83  8:06  Pylon, Adept x2  
  85  8:24  Adept x5  
  89  8:31  Adept x2  

Tags
 
Add a new tag
Caveats
  • Supply blocks, unpowered buildings, or Contaminate may cause inaccurate times.
  • Supply counts are checked every 10 seconds.